 Zot Defence DCSS version 0.15.2 (webtiles) character file.

5276 Kakkamies the Covered (level 10, -1/76 HPs)
             Began as a Demonspawn Fighter on June 22, 2017.
             Killed from afar by a storm dragon (16 damage)
             ... with a bolt of lightning
             ... summoned by a boggart
             ... in the Realm of Zot (Scenario I: Hall of Zot).
             The game lasted 00:20:10 (1613 turns).

Kakkamies the Covered (Demonspawn Fighter)          Turns: 1613, Time: 00:20:10

HP  -1/76        AC 18     Str 17      XL: 10   Next: 36%
MP   0/10        EV 11     Int 10      God:
Gold 0           SH 11     Dex 20      Spells:  0 memorised,  9 levels left

rFire  . . .     SeeInvis .     a - +0 trident
rCold  . . .     Clarity  .     e - +0 chain mail
rNeg   . . .     rCorr    .     c - +0 shield
rPois  .         rRot     .     (no helmet)
rElec  .         Spirit   +     (no cloak)
SustAb .         Warding  .     (no gloves)
rMut   .         Stasis   .     (no boots)
Gourm  .                        (no amulet)
MR     .....                    (no ring)
                                (no ring)

@: agile, not resistant to hostile enchantments, extremely unstealthy
A: iridescent scales 3, powered by pain 1, magic shield
a: Make oklob sapling, Make arrow trap, Make plant, Remove Curse, Make burning
bush, Make altar, Make grenades, Make oklob plant, Make net trap, Make ice
statue, Make spear trap


You were in the Realm of Zot.
You were not hungry.

You visited 1 branch

Inventory:

Hand weapons
 a - a +0 trident (weapon)
 g - a +0 halberd
Armour
 b - a +1 ring mail of magic resistance
 c - a +0 shield (worn)
 e - a +0 chain mail (worn)
Magical devices
 h - a wand of polymorph (4) {unknown}
Comestibles
 f - a bread ration
Scrolls
 k - a scroll of blinking
Potions
 d - 2 potions of curing
 i - a potion of magic
 j - a potion of berserk rage


   Skills:
 + Level 5.8 Fighting
 + Level 5.5 Polearms
 + Level 7.8 Armour
 + Level 6.9 Dodging
 + Level 7.6 Shields


You had 9 spell levels left.
You didn't know any spells.

Dungeon Overview and Level Annotations

Branches:
    Zot (1/1)

Altars:


Innate Abilities, Weirdness & Mutations

You are completely covered in iridescent scales (AC +8).
You sometimes gain a little power by taking damage.
When hurt, damage is shared between your health and your magic reserves.


Message History

You hear some strange, mumbled words.
Send 'em back where they came from!
Your ice beast shudders.
The slime creature hits your oklob sapling!
You block the storm dragon's attack. x2
The storm dragon closely misses you.
Your oklob sapling spits acid at the storm dragon.
The splash of acid hits the storm dragon.
Your ice beast hits the slime creature.
Your ice beast freezes the slime creature.
A slime creature comes into view.
Unknown command.
Attack whom?
Press: ? - help, Dir - move target cursor, f - slime creature
Aim: a slime creature (severely wounded)
You reach to attack!
You hit the slime creature.
The slime creature is almost dead.
The storm dragon breathes lightning at you.
The bolt of lightning hits you!
You die...

▓▓▓▓▓▓▓▓ ▓▓▓▓▓▓▓▓ ....▓▓▓▓
▓▓▓▓.... .......▓▓▓ ▓▓▓.......
.........▓▓ ▓▓.........
..........▓ ▓▓▓▓▓▓▓▓▓ ▓..........
..........▓▓▓...P...▓▓▓..........
..........▓▓)...P...%▓▓..........
..........▓%..%DP..%).▓..........
..........)))%.P@P).)[J..........
.........)▓%)..JP)....▓).........
..........▓▓..YJP....▓▓..........
..........▓▓▓8Y.P...▓▓▓..........
..........# ▓▓▓▓▓▓▓▓▓ #..........
.........## ##.........
.......### ###....... ....####
####.... ######### #########


You could see a storm dragon, 3 slime creatures, a friendly ice statue, a
friendly oklob plant, 2 friendly burning bushes, 2 friendly ice beasts and 3
friendly oklob saplings.

Vanquished Creatures
  A spiny frog (Zot)
  A slime creature (Zot)
  Duvessa (Zot)
  A giant frog (Zot)
  An iguana (Zot)
  A sheep (Zot)
  An adder (Zot)
  An ooze (Zot)
  A giant cockroach (Zot)
  5 goblins (Zot)
  A jackal (Zot)
  3 kobolds (Zot)
  4 bats (Zot)
  A rat (Zot)
23 creatures vanquished.

Vanquished Creatures (collateral kills)
  A centaur warrior (Zot)
  2 spiny frogs (Zot)
  A merfolk (Zot)
  2 yaks (Zot)
  Prince Ribbit (Zot)
  2 slime creatures (Zot)
  An orc warrior (Zot)
  A hell hound (Zot)
  An ice beast (Zot)
  A centaur (Zot)
  5 giant frogs (Zot)
  6 hounds (Zot)
  4 gnoll shamans (Zot)
  An iguana (Zot)
  An orc wizard (Zot)
  3 sheep (Zot)
  A worker ant (Zot)
  Ijyb (Zot)
  Jessica (Zot)
  5 gnolls (Zot)
  3 adders (Zot)
  A worm (Zot)
  A giant gecko (Zot)
  6 oozes (Zot)
  6 orcs (Zot)
  13 bats (Zot)
  3 giant cockroaches (Zot)
  16 hobgoblins (Zot)
  13 jackals (Zot)
  8 kobolds (Zot)
  3 quokkas (Zot)
  5 ball pythons (Zot)
  4 giant newts (Zot)
  10 goblins (Zot)
  7 rats (Zot)
140 creatures vanquished.

Vanquished Creatures (others)
  A burning bush (Zot)
  A butterfly (Zot)
2 creatures vanquished.

Grand Total: 165 creatures vanquished

Notes
Turn   | Place    | Note
--------------------------------------------------------------
     0 | Zot      | Kakkamies, the Demonspawn Fighter, began the quest for the Orb.
     0 | Zot      | Reached XP level 1. HP: 18/18 MP: 1/1
   199 | Zot      | Gained mutation: You are partially covered in iridescent scales (AC +4). [demonic ancestry]
   199 | Zot      | Reached XP level 2. HP: 17/24 MP: 2/2
   226 | Zot      | Reached skill level 1 in Dodging
   230 | Zot      | Gained mutation: You are mostly covered in iridescent scales (AC +6). [demonic ancestry]
   230 | Zot      | Reached XP level 3. HP: 21/29 MP: 3/3
   233 | Zot      | Noticed Croo
   259 | Zot      | Killed Croo the yak
   259 | Zot      | Reached skill level 4 in Shields
   259 | Zot      | Gained mutation: You sometimes gain a little power by taking damage. [demonic ancestry]
   259 | Zot      | Reached XP level 4. HP: 3/36 MP: 4/4
   259 | Zot      | Reached XP level 5. HP: 3/41 MP: 5/5
   259 | Zot      | Reached XP level 6. HP: 3/47 MP: 6/6
   523 | Zot      | Gained mutation: When hurt, damage is shared between your health and your magic reserves. [demonic ancestry]
   523 | Zot      | Reached XP level 7. HP: 47/53 MP: 7/7
   741 | Zot      | Reached skill level 5 in Shields
   818 | Zot      | Reached XP level 8. HP: 24/60 MP: 8/8
   842 | Zot      | Noticed Jessica
   843 | Zot      | Killed Jessica
   927 | Zot      | Reached skill level 6 in Shields
   932 | Zot      | Reached skill level 5 in Dodging
   936 | Zot      | Noticed Thimimn
   943 | Zot      | Killed Thimimn the spiny frog
   943 | Zot      | Reached skill level 5 in Armour
  1197 | Zot      | Gained mutation: You are completely covered in iridescent scales (AC +8). [demonic ancestry]
  1197 | Zot      | Reached XP level 9. HP: 66/66 MP: 9/9
  1230 | Zot      | Noticed Iqida
  1238 | Zot      | Killed Iqida the centaur warrior
  1238 | Zot      | Reached skill level 5 in Fighting
  1238 | Zot      | Reached skill level 7 in Shields
  1346 | Zot      | Noticed Duvessa
  1356 | Zot      | Killed Duvessa
  1441 | Zot      | Noticed Ijyb
  1446 | Zot      | Killed Ijyb
  1524 | Zot      | Noticed a spiny frog
  1527 | Zot      | Killed a spiny frog
  1527 | Zot      | Reached skill level 5 in Polearms
  1527 | Zot      | Reached XP level 10. HP: 74/74 MP: 10/10
  1532 | Zot      | Noticed a spiny frog
  1532 | Zot      | Killed a spiny frog
  1533 | Zot      | Noticed Prince Ribbit
  1535 | Zot      | Killed Prince Ribbit
  1610 | Zot      | Noticed a storm dragon
  1613 | Zot      | Killed from afar by a storm dragon

Action                   |  1- 3 |  4- 6 |  7- 9 | 10-12 || total
-------------------------+-------+-------+-------+-------++-------
Melee: Trident           |    78 |       |    56 |     8 ||   142
 Abil: Make oklob saplin |     1 |     1 |     1 |       ||     3
       Make burning bush |       |     1 |     2 |       ||     3
       Make plant        |       |       |     2 |       ||     2
       Make oklob plant  |       |       |     1 |       ||     1
       Make ice statue   |       |       |       |     1 ||     1
  Use: Potion            |     1 |       |     3 |     1 ||     5
 Stab: Distracted        |     1 |       |     5 |       ||     6
